 Dungeon Crawl Stone Soup version 0.30-a0-737-gf23d94013f (webtiles) character file.

Game seed: 13252079833691289750

4811 bande the Cleaver (level 10, -6/63 HPs)
             Began as a Gargoyle Fighter on Feb 2, 2023.
             Mangled by a two-headed ogre
             ... wielding a +0 giant club
              (12 damage)
             ... on level 8 of the Dungeon.
             The game lasted 00:19:33 (9430 turns).

bande the Cleaver (Gargoyle Fighter)                Turns: 9430, Time: 00:19:33

Health: -6/63      AC: 25    Str: 19    XL:     10   Next: 48%
Magic:  10/10      EV:  7    Int: 10    God:
Gold:   448        SH:  5    Dex: 13    Spells: 9/9 levels left

rFire   + . .      SeeInvis .    a - +1 war axe
rCold   . . .      Faith    .    c - +0 buckler
rNeg    + . .      Spirit   .    L - +2 chain mail of the Planets {Regen+}
rPois   ∞          Reflect  .    y - +2 hat
rElec   +          Harm     .    g - +0 cloak
rCorr   .          Rampage  .    H - +1 pair of gloves
Will    .....                    (no boots) Stlth
                                 v - amulet of regeneration
HPRegen 1.90/turn                k - ring of flight
MPRegen 0.12/turn                l - ring of protection from fire

@: flying
A: sickness immunity, AC +7, negative energy resistance 1, electricity
resistance, torment resistance 1, petrification resistance
a: no special abilities


You were on level 8 of the Dungeon.
You visited 2 branches of the dungeon, and saw 9 of its levels.
You also visited: Sewer and Ossuary.

You collected 448 gold pieces.

Inventory:

Hand Weapons
 a - a +1 war axe (weapon)
 e - a +0 war axe
 D - a +0 morningstar
Armour
 c - a +0 buckler (worn)
 g - a +0 cloak (worn)
 t - a +1 helmet
 y - a +2 hat (worn)
 H - a +1 pair of gloves (worn)
 L - the +2 chain mail of the Planets (worn) {Regen+}
   (You found it on level 7 of the Dungeon)

   Regen:     It increases your rate of health regeneration.
Jewellery
 i - a ring of protection from cold
 k - a ring of flight (left hand)
 l - a ring of protection from fire (right hand)
 v - an amulet of regeneration (around neck)
 F - a ring of protection from cold
Wands
 q - a wand of flame (60)
 z - a wand of iceblast (16)
 B - a wand of digging (9)
 K - a wand of mindburst (16)
Scrolls
 b - 6 scrolls of identify
 j - 3 scrolls of blinking
 m - a scroll of fog
 r - 3 scrolls of teleportation
 s - a scroll of amnesia
 w - a scroll of enchant weapon
 A - a scroll of silence
 J - a scroll of fear {unknown}
Potions
 d - 4 potions of might
 f - 3 potions of berserk rage
 h - 2 potions of flight
 n - 2 potions of invisibility
 o - a potion of magic
 p - a potion of mutation
 u - a potion of cancellation
 x - a potion of curing {unknown}
 C - a potion of degeneration {unknown}
 E - 2 potions of ambrosia {unknown}
 G - a potion of lignification {unknown}


   Skills:
 + Level 7.1 Fighting
 + Level 9.5 Axes
 + Level 7.4 Armour
 - Level 0.8 Dodging
 + Level 5.9 Shields
 * Level 5.1 Evocations


You had 9 spell levels left.
You didn't know any spells.
Your spell library contained the following spells:

 Spells                   Type           Power      Damage    Failure   Level
 Beastly Appendage        Tmut           0%         N/A       99%         1
 Necrotise                Necr           0%         1d4       99%         1
 Wereblood                Tmut           0%         N/A       100%        2
 Spider Form              Tmut/Pois      0%         N/A       100%        3
 Vampiric Draining        Necr           0%         2d6       100%        3
 Animate Dead             Necr           0%         N/A       100%        4
 Agony                    Necr           0%         N/A       100%        5
 Haunt                    Necr/Summ      0%         N/A       100%        7
 Infestation              Necr           0%         N/A       100%        8


Dungeon Overview and Level Annotations

Branches:
Dungeon (8/15)             Temple (1/1) D:6           Sewer (visited)
Ossuary (visited)
   Lair: D:8-11

Altars:
Cheibriados
Dithmenos
Elyvilon
Fedhas
Hepliaklqana
Kikubaaqudgha
Makhleb
Nemelex Xobeh
Qazlal
Sif Muna
Trog
Uskayaw
Vehumet
Wu Jian
Xom
Yredelemnul
Zin
The Shining One

Shops:
D:4 (   D:7 *


Innate Abilities, Weirdness & Mutations

You are immune to sickness and miasma.
Your stone body is resilient. (AC +7)
You are immune to poison.
You resist negative energy. (rN+)
You are resistant to electric shocks. (rElec)
You are resistant to unholy torment.
You are immune to petrification.


Message History

The two-headed ogre is lightly wounded.
The two-headed ogre hits you but does no damage.
The two-headed ogre hits you with a +0 giant club!
You slash the two-headed ogre!
The two-headed ogre is moderately wounded.
You hit the two-headed ogre but do no damage.
The two-headed ogre is moderately wounded.
The two-headed ogre hits you with a +0 giant club!
The two-headed ogre barely misses you.
You slash the two-headed ogre!
The two-headed ogre is heavily wounded.
The two-headed ogre hits you with a +0 giant club! x2
You hit the two-headed ogre but do no damage.
The two-headed ogre is heavily wounded.
The two-headed ogre hits you with a +0 giant club!
* * * LOW HITPOINT WARNING * * *
You block the two-headed ogre's attack.
You barely miss the two-headed ogre.
The two-headed ogre is heavily wounded.
You hit the two-headed ogre.
The two-headed ogre is heavily wounded.
You block the two-headed ogre's attack.
The two-headed ogre hits you but does no damage.
You barely miss the two-headed ogre.
The two-headed ogre is heavily wounded.
The two-headed ogre hits you with a +0 giant club!
* * * LOW HITPOINT WARNING * * *
The two-headed ogre hits you with a +0 giant club.
* * * LOW HITPOINT WARNING * * *
You closely miss the two-headed ogre.
The two-headed ogre is heavily wounded.
You hit the two-headed ogre but do no damage.
The two-headed ogre is heavily wounded.
The two-headed ogre hits you with a +0 giant club!
* * * LOW HITPOINT WARNING * * *
The two-headed ogre closely misses you.
You slash the two-headed ogre!
The two-headed ogre is severely wounded.
The two-headed ogre hits you with a +0 giant club!
You die...

### ... .. ###.####
... ..# ## #O###.#.. .
#. ### #@#...#.###<#.
#.. #!....#.#.#.#.##..
#.#.#.......(.......
#.......#.......##..
#...#...#.......##..
#.#.#.#.#.##...#....
...>.#..........#.#..
#.##..##.....#.....###
#. ...######.###...###


You could see a two-headed ogre.

Vanquished Creatures
  Pikel (D:6)
  The ghost of samgaumpmail the Trooper, a novice TrHW (D:5)
  An unseen horror (D:7)
  2 wraiths (Ossuary)
  An orc warrior (D:8)
  4 ice beasts
  A sky beast (D:7)
  An ogre (D:7)
  A centaur (D:6)
  4 lemures (D:6)
  5 kobold brigands
  2 bullfrogs (D:7)
  A necrophage (D:7)
  3 scorpions (D:5)
  7 wights
  14 killer bees
  2 howler monkeys
  3 jellies
  A gnoll bouda (D:7)
  7 orc priests
  Crazy Yiuf (D:3)
  3 iguanas
  Natasha (thrice) (D:4)
  2 orc wizards
  A mummy (D:5)
  Robin (D:3)
  5 gnolls
  2 river rats (Sewer)
  5 adders
  3 shadow imps
  3 white imps
  3 ufetubi
  An adder zombie (Ossuary)
  10 worms
  A dart slug (D:1)
  30 orcs
  3 bats
  10 endoplasms
  5 giant cockroaches
  11 hobgoblins
  3 jackals (D:1)
  3 quokkas
  9 ball pythons
  A ball python skeleton (Ossuary)
  8 frilled lizards
  14 goblins
  A hobgoblin skeleton (Ossuary)
  2 hobgoblin zombies (Ossuary)
  29 kobolds
  2 orc skeletons (Ossuary)
  2 orc zombies (Ossuary)
  13 rats
252 creatures vanquished.

Vanquished Creatures (others)
  A goblin (D:4)
  A fungus (D:8)
2 creatures vanquished.

Grand Total: 254 creatures vanquished

Notes
Turn   | Place    | Note
-------+----------+-------------------------------------------
     0 | D:1      | bande the Gargoyle Fighter began the quest for the Orb.
     0 | D:1      | Reached XP level 1. HP: 14/14 MP: 1/1
   132 | D:1      | Reached XP level 2. HP: 12/19 MP: 2/2
   185 | D:1      | Reached skill level 2 in Axes
   236 | D:1      | Reached XP level 3. HP: 23/23 MP: 3/3
   397 | D:1      | Found a faded altar of an unknown god.
   878 | D:2      | Reached skill level 3 in Axes
   878 | D:2      | Reached XP level 4. HP: 20/29 MP: 4/4
  1413 | D:3      | Found a glowing drain.
  1421 | Sewer    | Entered a sewer
  1443 | Sewer    | Noticed a kobold brigand
  1459 | Sewer    | Killed a kobold brigand
  1460 | Sewer    | Reached XP level 5. HP: 8/33 MP: 5/5
  1951 | Sewer    | Reached skill level 4 in Axes
  2045 | Sewer    | Reached XP level 6. HP: 34/39 MP: 6/6
  2653 | D:3      | Found a runed translucent door.
  2654 | D:3      | Noticed Crazy Yiuf
  2848 | D:3      | Noticed Robin
  2855 | D:3      | Killed Robin
  3424 | D:3      | Noticed an ice beast
  3445 | D:3      | Killed an ice beast
  3446 | D:3      | Reached skill level 5 in Axes
  3446 | D:3      | Reached XP level 7. HP: 44/44 MP: 7/7
  3796 | D:3      | Killed Crazy Yiuf
  3797 | D:3      | Reached skill level 5 in Fighting
  4047 | D:4      | Found a radiant altar of Vehumet.
  4397 | D:4      | Noticed Natasha
  4405 | D:4      | Killed Natasha
  4436 | D:4      | Found Dogantyet's Antique Weapon Boutique.
  4478 | D:4      | Noticed Natasha
  4484 | D:4      | Killed Natasha
  4485 | D:4      | Noticed Natasha
  4492 | D:4      | Killed Natasha
  4583 | D:5      | Entered Level 5 of the Dungeon
  4658 | D:5      | Found a sand-covered staircase.
  4668 | Ossuary  | Entered an ossuary
  4726 | Ossuary  | Reached skill level 1 in Evocations
  4761 | Ossuary  | Noticed a wraith
  4761 | Ossuary  | Noticed a flying skull
  4770 | Ossuary  | Noticed a flying skull
  4774 | Ossuary  | Noticed a flying skull
  4798 | Ossuary  | Noticed a flying skull
  4805 | Ossuary  | Noticed a wraith
  4820 | Ossuary  | Killed a wraith
  4821 | Ossuary  | Reached skill level 6 in Axes
  4821 | Ossuary  | Reached skill level 5 in Armour
  4821 | Ossuary  | Reached XP level 8. HP: 31/49 MP: 8/8
  4959 | Ossuary  | Noticed a flying skull
  4981 | Ossuary  | Noticed a wraith
  4993 | Ossuary  | Killed a wraith
  5217 | D:5      | Found a shimmering blue altar of Sif Muna.
  5218 | D:5      | Found a shadowy altar of Dithmenos.
  5476 | D:5      | Found a glowing golden altar of the Shining One.
  5638 | D:5      | Found a runed translucent gate.
  5638 | D:5      | Noticed samgaumpmail's ghost (novice TrHW)
  5639 | D:5      | Found a runed translucent gate.
  5639 | D:5      | Identified the +1 leather armour "Hiuthoah" {rF+ rC+ rCorr
                  | Int+3}
  5640 | D:5      | Found a runed translucent gate.
  5647 | D:5      | Reached skill level 7 in Axes
  6146 | D:6      | Reached XP level 9. HP: 36/55 MP: 9/9
  6305 | D:5      | Killed samgaumpmail's ghost
  6526 | D:6      | Reached skill level 8 in Axes
  6526 | D:6      | Reached skill level 5 in Shields
  6839 | D:6      | Found a staircase to the Ecumenical Temple.
  6853 | Temple   | Entered the Ecumenical Temple
  7349 | D:6      | Found a hide-covered altar of Uskayaw.
  7394 | D:6      | Found a blossoming altar of Fedhas.
  7655 | D:7      | Noticed Pikel
  7728 | D:6      | Killed Pikel
  8145 | D:7      | Reached XP level 10. HP: 35/61 MP: 10/10
  8206 | D:7      | Reached skill level 9 in Axes
  8318 | D:7      | Killed an unseen horror
  8549 | D:7      | Found Haliqe's General Store.
  8600 | D:7      | Identified the +2 chain mail of the Planets {Regen+}
  9062 | D:7      | Reached skill level 5 in Evocations
  9416 | D:8      | Noticed a two-headed ogre
  9430 | D:8      | Mangled by a two-headed ogre

Illustrated notes

Levels and vault maps discovered:
D:1:      dreamdust_arrival_sigmund_warning, layout_loops_ring,
          hellmonk_ecumenical_altar_inner_sanctum
D:2:      layout_basic, serial_glass, glass_columns_a, glass_columns_a,
          minmay_strange_pillars, minmay_strange_pillars, feat_on_display,
          minmay_nonomino_d4
D:3:      layout_loops_corners, portal_sewer_entry_e, minivault_26,
          lemuel_flame_loot_1, uniq_crazy_yiuf_cottage, uniq_robin
D:4:      layout_rooms, vehumet_altar_wand_db, serial_shops,
          kennysheep_little_box, minmay_goblin_outpost, uniq_natasha
D:5:      layout_basic, mainiacjoe_overflow_six_doors_small,
          mainiacjoe_overflow_divided_tiny, biasface_ghost_orc_armoury,
          gup_ossuary_entry_pyramid
D:6:      layout_rooms, mainiacjoe_overflow_paths,
          fedhas_bush_and_centaur_altar, minmay_temple_entry_antechambers,
          amcnicky_mini_pool_medium
D:7:      layout_basic, serial_shops, kennysheep_mini, uniq_pikel
D:8:      layout_basic, okawaru_altar_gauntlet_db, lemuel_crystal_altar,
          dpeg_oklobed_lair, chequers_serial_rivers_micro_e
Temple:   minmay_temple_forest_path

Skill      XL: |  1  2  3  4  5  6  7  8  9 10 |
---------------+-------------------------------+-----
Axes           | 2 3 4 5 6 7 8 9 |  9.5
Fighting       | 4 5 6 7 |  7.1
Armour         | 4 5 6 7 |  7.4
Shields        | 4 5 |  5.9
Evocations     | 1 2 4 5 |  5.1
Dodging        | |  0.8

Action                     |  1- 3 |  4- 6 |  7- 9 | 10-12 || total
---------------------------+-------+-------+-------+-------++-------
  Melee: War axe           |    95 |   222 |   390 |   234 ||   941
    Use: Scroll            |       |    11 |     5 |       ||    16
 Armour: Scale mail        |    48 |   106 |     7 |       ||   161
         Chain mail        |       |       |   209 |   182 ||   391
         Plate armour      |       |       |   141 |    94 ||   235
  Dodge: Dodged            |    50 |    85 |   157 |   105 ||   397
  Block: Buckler           |    17 |    38 |   107 |    96 ||   258

Table legend: (Time is in decaauts)
 A = Elapsed time spent in this place.
 B = Non-inter-level travel time spent in this place.
 C = Inter-level travel time spent in this place.
 D = Time resting spent in this place.
 E = Time spent auto-exploring this place.
 F = Levels seen in this place.
 G = Mean time per level.
                   A        B        C        D        E       F      G
               +--------+--------+--------+--------+--------+-----+--------+
         Total |   9743 |   9474 |    269 |   2075 |   4938 |  11 |  885.7 |
       Dungeon |   7679 |   7444 |    235 |   1398 |   3990 |   8 |  959.9 |
        Temple |    387 |    353 |     34 |      0 |    337 |   1 |  387.0 |
         Sewer |   1212 |   1212 |      0 |    529 |    459 |   1 | 1212.0 |
       Ossuary |    464 |    464 |      0 |    148 |    152 |   1 |  464.0 |
               +--------+--------+--------+--------+--------+-----+--------+

Top non-repeatable levels by time:
     D:3: 1452 daAuts
     D:5: 1411 daAuts
     D:6: 1391 daAuts
   Sewer: 1212 daAuts
     D:7: 1103 daAuts
     D:1: 739 daAuts
     D:2: 662 daAuts
     D:4: 641 daAuts
 Ossuary: 464 daAuts
  Temple: 387 daAuts
     D:8: 277 daAuts
